[Event "Early-Titled-Tuesday-Blitz-September-05-2023"]
[Site "Chess.com"]
[Date "2023.09.05"]
[Round "3"]
[White "Maus7"]
[Black "schachlana"]
[Result "0-1"]
[WhiteElo "2472"]
[BlackElo "2348"]
[TimeControl "180+1"]
[EndTime "8:27:29 PDT"]
[Termination "schachlana won on time"]

1. e4 c5 2. Nf3 e6 3. d4 cxd4 4. Nxd4 Nf6 5. Nc3 a6 6. Qf3 Qc7 7. g4 d6 8. g5 Nfd7 9. Bd2 Ne5 10. Qg3 Be7 11. O-O-O b5 12. f4 Nc4 13. Bxc4 Qxc4 14. Nb3 Qc7 15. Rhe1 Bb7 16. f5 Nd7 17. Qh3 e5 18.
Rf1 b4 19. Nd5 Bxd5 20. exd5 Rc8 21. Kb1 f6 22. Qd3 a5 23. h4 a4 24. Nc1 Nc5 25.
Qb5+ Kf7 26. Bxb4 Rb8 27. Qc4 Rhc8 28. Bxc5 Qxc5 29. Qxc5 Rxc5 30. b3 fxg5 31. hxg5 Bxg5 32. Nd3 Rc3 33. Nb2 axb3 34. axb3 Rbc8 35. Nc4 Be7 36. Kb2 Rg3 37. Rg1 Rxg1 38. Rxg1 g6 39. Ra1 gxf5 40. Ra7 Rd8 41. b4 f4 42. Kc3 Kf6 43. Kd3 Rg8 44.
Nd2 Rg3+ 45. Kc4 Re3 46. b5 f3 47. b6 Bd8 48. b7 Bc7 49. Ra1 Kf5 50. Rf1 Kf4 51. c3 h5 52. Kb3 h4 53. Kc2 h3 54.
Nc4 Re2+ 55. Kd1 h2 56. Nd2 Rf2 57. Rh1 Rg2 58. Rf1 Rg1 0-1

[Event "Early-Titled-Tuesday-Blitz-September-05-2023"]
[Site "Chess.com"]
[Date "2023.09.05"]
[Round "3"]
[White "TigranHH"]
[Black "vidavi"]
[Result "1/2-1/2"]
[WhiteElo "2245"]
[BlackElo "2457"]
[TimeControl "180+1"]
[EndTime "8:27:29 PDT"]
[Termination "Game drawn by repetition"]

1. d4 g5 2. Bxg5 d5 3. Nf3 Bg4 4. e3 c5 5. dxc5 f6 6. Bh4 e5 7. Nc3 e4 8. h3 Bh5 9. g4 Bf7 10. Nd4 Bxc5 11. Bb5+ Kf8 12. Nb3 Bb6 13. Qd2 a6 14.
Be2 Nc6 15. O-O-O Nce7 16. f3 h5 17. fxe4 hxg4 18. hxg4 dxe4 19. Nd4 Rc8 20. Bg3 Rxh1 21. Rxh1 Ba5 22. Rd1 Bxc3 23. Ne6+ Bxe6 24. Qxd8+ Rxd8 25. Rxd8+ Kf7 26. bxc3 Bxa2 27. c4 b5 28. Kb2 Bxc4 29. Bxc4+ bxc4 30. Ra8 Nd5 31. Bf4 Nxf4 32. exf4 e3 33.
Kc3 Ne7 34. Rxa6 Nd5+ 35. Kd4 e2 36. Ra1 Nxf4 37. Ke3 e1=Q+ 38. Rxe1 Ng2+ 39. Kf2 Nxe1 40. Kxe1 Kg6 41. Kf2 Kg5 42. Kg3 f5 43. gxf5 Kxf5 44. Kf3 Ke5 45. Ke3 Kd5 46. c3 Ke5 47. Kf3 Kf5 48. Ke3 Ke5 49. Kf3 Kf5 50. Ke3 Ke5 1/2-1/2

[Event "Early-Titled-Tuesday-Blitz-September-05-2023"]
[Site "Chess.com"]
[Date "2023.09.05"]
[Round "3"]
[White "lilleper1"]
[Black "GasconJR"]
[Result "1/2-1/2"]
[WhiteElo "2885"]
[BlackElo "2709"]
[TimeControl "180+1"]
[EndTime "8:27:30 PDT"]
[Termination "Game drawn by repetition"]

1. Nf3 Nf6 2. g3 b6 3. Bg2 Bb7 4. O-O e6 5. d4 Be7 6. c4 O-O 7.
Nc3 Ne4 8. Bd2 Nxd2 9. Qxd2 d6 10. e4 Nd7 11. Rfe1 e5 12. Rad1 exd4 13. Nxd4 Bf6 14. e5 Bxg2 15. exf6 Bb7 16. fxg7 Re8 17. Rxe8+ Qxe8 18. Nf5 Ne5 19. Kf1 Nf3 20. Qh6 Qe6 21. Qh5 Re8 22. Nd5 Bxd5 23. cxd5 Qe4 24. Ne3 Kxg7 25. Rc1 Nd4 26. Qg5+ Kh8 27. Qf6+ Kg8 28. Ke1 Qd3 29. Qg5+ Kf8 30. Qh6+ Kg8 31. Qh5 Rxe3+ 32. fxe3 Qxe3+ 33.
Kd1 Qd3+ 34. Ke1 Qe3+ 35. Kd1 Qd3+ 36. Ke1 Qe3+ 1/2-1/2

[Event "Early-Titled-Tuesday-Blitz-September-05-2023"]
[Site "Chess.com"]
[Date "2023.09.05"]
[Round "3"]
[White "FeketeBarika"]
[Black "koncheto"]
[Result "1/2-1/2"]
[WhiteElo "2372"]
[BlackElo "2523"]
[TimeControl "180+1"]
[EndTime "8:27:30 PDT"]
[Termination "Game drawn by stalemate"]

1. Nf3 Nf6 2. g3 b6 3. Bg2 Bb7 4. O-O e6 5. c4 Be7 6. d4 O-O 7. Nc3 h6 8. Bf4 d5 9. cxd5 Nxd5 10. Rc1 c5 11. dxc5 Nxf4 12. gxf4 Bxc5 13. Ne5 Bxg2 14. Qxd8 Rxd8 15. Kxg2 Nd7 16. e3 Nxe5 17. fxe5 Rd2 18. Ne4 Rxb2 19. Nxc5 bxc5 20. a4 Rc8 21. Rc4 Kh7 22.
Rfc1 Ra2 23. Rxc5 Rxc5 24. Rxc5 Rxa4 25. Rc7 Kg6 26. f4 h5 27. h4 f6 28. exf6 gxf6 29. Re7 e5 30. fxe5 fxe5 31. Rxe5 Rxh4 32. Ra5 Rg4+ 33. Kf3 Rg5 34. Ra6+ Kf5 35. Ra5+ Kg6 36. Rxa7 h4 37. Ra6+ Kh5 38. e4 h3 39. Ra8 Rg6 40. Rh8+ Rh6 41. Rxh6+ Kxh6 42. Kg3 h2 43. Kxh2 Kg5 44.
Kg3 Kf6 45. Kf4 Ke6 46. Kf3 Ke5 47. Ke3 Ke6 48. Kd4 Kd6 49. e5+ Ke6 50. Ke4 Ke7 51. Kf5 Kf7 52. e6+ Ke7 53. Ke5 Ke8 54. Kd6 Kd8 55. e7+ Ke8 56. Ke6 1/2-1/2

[Event "Early-Titled-Tuesday-Blitz-September-05-2023"]
[Site "Chess.com"]
[Date "2023.09.05"]
[Round "3"]
[White "gau248"]
[Black "emirgulbeyaz"]
[Result "1-0"]
[WhiteElo "2561"]
[BlackElo "2293"]
[TimeControl "180+1"]
[EndTime "8:27:31 PDT"]
[Termination "gau248 won by resignation"]

1. d4 g6 2. Nf3 Bg7 3. e4 d6 4. Bc4 Nf6 5. Nc3 O-O 6. O-O Nc6 7. Re1 Bg4 8. Be3 e5 9. d5 Bxf3 10. Qxf3 Nd4 11. Qd1 c6 12. dxc6 bxc6 13. Bxd4 exd4 14. Qxd4 Ng4 15. Qd2 Rb8 16. b3 Qh4 17. h3 Nxf2 18. Re3 d5 19. exd5 cxd5 20. Bxd5 Bd4 21. Qxf2 Qg5 22.
Rae1 Rbe8 23. Bxf7+ Kg7 24. Bxe8 Rxf2 25. Kxf2 Qf4+ 26.
Kg1 Bxe3+ 27. Kh1 Bd2 28. Re7+ Kh6 29. Nd5 Qf1+ 30. Kh2 Qf2 31. Re4 Be1 32. Ne3 Qf3 33.
gxf3 1-0

[Event "Early-Titled-Tuesday-Blitz-September-05-2023"]
[Site "Chess.com"]
[Date "2023.09.05"]
[Round "3"]
[White "Obito24"]
[Black "LuisFSiles"]
[Result "1-0"]
[WhiteElo "2686"]
[BlackElo "2357"]
[TimeControl "180+1"]
[EndTime "8:27:32 PDT"]
[Termination "Obito24 won on time"]

1. d4 Nf6 2. c4 g6 3. Nc3 d5 4.
Nf3 Bg7 5. Bg5 Ne4 6. cxd5 Nxc3 7. bxc3 Qxd5 8. Qb3 Qa5 9. e3 Bg4 10. Qb5+ Nc6 11.
Qxa5 Nxa5 12. Bb5+ c6 13. Be2 h6 14. Bh4 g5 15. Bg3 O-O 16. h4 Bf6 17. e4 e6 18. Ne5 Bxe2 19. Kxe2 Kg7 20. Nd7 Rfe8 21.
hxg5 Bxg5 22. f4 Be7 23. Rab1 b6 24. Bh4 Bxh4 25. Rxh4 Rad8 26. Ne5 c5 27. Ke3 f6 28. Rg4+ Kh7 29. Nf7 cxd4+ 30. cxd4 Rc8 31. Rh1 Nc4+ 32. Ke2 1-0

[Event "Early-Titled-Tuesday-Blitz-September-05-2023"]
[Site "Chess.com"]
[Date "2023.09.05"]
[Round "3"]
[White "Genghis_K"]
[Black "Casablanca"]
[Result "0-1"]
[WhiteElo "2860"]
[BlackElo "2710"]
[TimeControl "180+1"]
[EndTime "8:27:33 PDT"]
[Termination "Casablanca won on time"]

1. d4 Nf6 2. c4 g6 3. Nc3 Bg7 4. e4 O-O 5. Nf3 d6 6. Bd3 c5 7.
d5 e6 8. h3 exd5 9. exd5 Re8+ 10. Be3 Nbd7 11. O-O a6 12. Bf4 Qc7 13. a4 Nh5 14.
Bh2 Ne5 15. Nxe5 Bxe5 16. f4 Bd4+ 17. Kh1 Qd8 18. g4 Ng7 19. f5 Qh4 20. Rf3 gxf5 21. gxf5 Nh5 22. Ne2 Bxb2 23. Qg1+ Kh8 24. Bxd6 Rg8 25.
Qb1 Bxa1 26. Qxa1+ f6 27. Nf4 Nxf4 28. Bxf4 Bd7 29.
Bf1 Rae8 30. Qb2 Re4 31. Bh2 b5 32. cxb5 axb5 33. axb5 Re1 34. Qc3 Bxf5 35. Rxf5 Qe4+ 0-1

[Event "Early-Titled-Tuesday-Blitz-September-05-2023"]
[Site "Chess.com"]
[Date "2023.09.05"]
[Round "3"]
[White "Doudou2015"]
[Black "Tonychess32"]
[Result "0-1"]
[WhiteElo "2169"]
[BlackElo "2420"]
[TimeControl "180+1"]
[EndTime "8:27:35 PDT"]
[Termination "Tonychess32 won by resignation"]

1. b3 b6 2. Bb2 Bb7 3. e3 Nf6 4. f4 g6 5. Bxf6 exf6 6. Nf3 Bg7 7. c4 f5 8. Nc3 O-O 9. Be2 c6 10. O-O Na6 11. a3 d5 12. cxd5 cxd5 13. d4 Re8 14.
Qd2 Qe7 15. Nd1 Rac8 16. Re1 Nc5 17. Rc1 Ne4 18. Qb2 Rxc1 19. Qxc1 Rc8 20. Qb2 Qc7 21. Bd3 Nf6 22. Ne5 Bf8 23. Nf2 Bd6 24. h3 Qe7 25. b4 Qc7 26. Kh2 Qc3 27. Re2 Qxb2 28.
Rxb2 Rc3 29. a4 Ne4 30. Bxe4 fxe4 31. a5 Rxe3 32. axb6 axb6 33. Nd7 Bxf4+ 34. g3 Rxg3 35. Kh1 e3 36. Nd3 Rxh3+ 37. Kg1 Bc7 38. Rc2 Bd8 39.
Nf4 Rf3 40. Nd3 Ba6 41. N3e5 Rf1+ 42. Kg2 Rd1 43. Ra2 Rd2+ 44. Rxd2 exd2 0-1

[Event "Early-Titled-Tuesday-Blitz-September-05-2023"]
[Site "Chess.com"]
[Date "2023.09.05"]
[Round "3"]
[White "andrzej"]
[Black "Karttunen"]
[Result "0-1"]
[WhiteElo "2378"]
[BlackElo "2583"]
[TimeControl "180+1"]
[EndTime "8:27:37 PDT"]
[Termination "Karttunen won on time"]

1. e4 c5 2. Nf3 d6 3. d4 cxd4 4. Nxd4 Nf6 5. Nc3 a6 6. Be3 e5 7. Nb3 Be6 8. h3 h5 9. f4 exf4 10. Bxf4 Nc6 11. Qe2 Ne5 12. O-O-O Qc7 13. Nd5 Nxd5 14.
exd5 Bd7 15. Qd2 O-O-O 16. Be2 Kb8 17. Kb1 Ka8 18. Bxe5 dxe5 19. d6 Qb6 20. Rhf1 f5 21.
Qg5 Bxd6 22. Qxg7 Bc8 23. Qg6 h4 24. c4 Bc7 25. Qg5 Rdg8 26. Qe7 Re8 27. Qg5 e4 28. c5 Qb4 29. Qe3 Be6 30. Nd4 Be5 31. a3 Qxc5 32. Nxf5 Qa5 33. Qg5 Rhg8 34. Qh5 Qb6 35. Rd2 e3 36. Rc2 Bb3 0-1

[Event "Early-Titled-Tuesday-Blitz-September-05-2023"]
[Site "Chess.com"]
[Date "2023.09.05"]
[Round "3"]
[White "MrBad74"]
[Black "NelsonLinda"]
[Result "0-1"]
[WhiteElo "2343"]
[BlackElo "2501"]
[TimeControl "180+1"]
[EndTime "8:27:37 PDT"]
[Termination "NelsonLinda won by resignation"]

1. e4 c5 2. Nf3 e6 3. c3 Nf6 4.
e5 Nd5 5. d4 cxd4 6. cxd4 d6 7.
Bc4 Be7 8. O-O O-O 9. Qe2 Nc6 10.
Rd1 Na5 11. Bd3 Nb4 12. Be4 d5 13. Bd3 Nxd3 14. Qxd3 Bd7 15. Nc3 Rc8 16. b3 Nc6 17. Bd2 Nb4 18. Qe2 Qb6 19. Rac1 a6 20. Be3 Bb5 21.
Nxb5 Qxb5 22. Qd2 Rfe8 23. h4 Qa5 24. a4 Nc6 25. Qb2 Qb4 26. Bd2 Qa3 27. Qb1 Bf8 28. h5 h6 29. Qd3 Nb4 30. Qb1 Qa2 31. Bxb4 Qxb1 32. Rxb1 Bxb4 33. Rb2 Rc3 34. Kf1 Rec8 35. Rdb1 Kf8 36. Ke2 Ke7 37. Ne1 R3c6 38. Nd3 Bc3 39. Rc2 Bxd4 40. Rxc6 Rxc6 41. f4 Rc2+ 42. Kf3 Rd2 43.
Nb4 a5 0-1

[Event "Early-Titled-Tuesday-Blitz-September-05-2023"]
[Site "Chess.com"]
[Date "2023.09.05"]
[Round "3"]
[White "IMSlavin"]
[Black "Kazmin_Semyon"]
[Result "0-1"]
[WhiteElo "2157"]
[BlackElo "2544"]
[TimeControl "180+1"]
[EndTime "8:27:38 PDT"]
[Termination "Kazmin_Semyon won by resignation"]

1. e4 e6 2. Nf3 d5 3. e5 c5 4.
b4 d4 5. bxc5 Bxc5 6. Bc4 a6 7.
a4 Nc6 8. O-O Nge7 9. Re1 Ng6 10. d3 b6 11. Nbd2 Bb7 12. Nb3 Qc7 13. Nxc5 bxc5 14. Qe2 O-O 15. h4 Nb4 16. h5 Bxf3 17.
gxf3 Ne7 18. Bb3 Nf5 19. Qe4 h6 20. Qg4 Kh7 21. Kg2 Nc6 22. Bf4 Qe7 23. Rh1 Rab8 24. Rag1 Na5 25. Rb1 Rb6 26. Ba2 Rfb8 27. Bd2 Nc6 28.
Rxb6 Rxb6 29. Bb3 Nxe5 30. Qe4 Nc6 31. Re1 Qh4 32. Bf4 Na5 33. Rh1 Qe7 34. Ba2 Rb2 35. Bb1 Qb7 36. Qxb7 Nxb7 37. Bc7 Rb4 38. a5 Rb5 39. f4 Nxa5 40. Bxa5 Rxa5 41. Ba2 Rxa2 0-1

[Event "Early-Titled-Tuesday-Blitz-September-05-2023"]
[Site "Chess.com"]
[Date "2023.09.05"]
[Round "3"]
[White "Bobbybunny"]
[Black "Truequitos"]
[Result "0-1"]
[WhiteElo "2143"]
[BlackElo "2418"]
[TimeControl "180+1"]
[EndTime "8:27:38 PDT"]
[Termination "Truequitos won on time"]

1. e4 e6 2. d4 d5 3. e5 c5 4. c3 Qb6 5. Nf3 Bd7 6. Bd3 Bb5 7.
dxc5 Bxc5 8. b4 Be7 9. Be3 Qa6 10. Bxb5+ Qxb5 11. Na3 Qd7 12. O-O Nc6 13. Qe2 f6 14.
Bf4 Nxe5 15. Bxe5 fxe5 16. Nxe5 Qd6 17. Qh5+ g6 18. Nxg6 Nf6 19. Qh3 Rg8 20. Nb5 Qb6 21. Nxe7 Kxe7 22. Nd4 Rae8 23. Rfe1 Kf7 24. Re3 e5 25.
Nf5 Rg6 26. Rae1 e4 27. Rg3 Kg8 28. Qh6 Nd7 29. Rxg6+ Qxg6 30. Qxg6+ hxg6 31. Nd6 Re6 32. Nxb7 Ra6 33. Re2 Ne5 34. Nc5 Rc6 35. h3 Nd3 0-1

[Event "Early-Titled-Tuesday-Blitz-September-05-2023"]
[Site "Chess.com"]
[Date "2023.09.05"]
[Round "3"]
[White "suyu28"]
[Black "MarijaKuznecova"]
[Result "0-1"]
[WhiteElo "2723"]
[BlackElo "2388"]
[TimeControl "180+1"]
[EndTime "8:27:39 PDT"]
[Termination "MarijaKuznecova won on time"]

1. d4 Nf6 2. c4 c5 3. d5 b5 4. cxb5 a6 5. bxa6 g6 6. Nc3 Bg7 7. e4 d6 8. h3 O-O 9. Nf3 Qa5 10.
Bd2 Bxa6 11. Bxa6 Qxa6 12. Qe2 Nbd7 13. Qxa6 Rxa6 14. Kd1 Rb8 15. Kc2 c4 16. Rab1 Nc5 17.
Rhe1 Nd3 18. Re2 Nb4+ 19. Kc1 Nd7 20. a3 Nd3+ 21. Kc2 N7c5 22. Bc1 Rab6 23. Nd2 Nxc1 24. Rxc1 Nd3 25. Kd1 Nxc1 26. Kxc1 Rxb2 27. Nxc4 R2b3 28. Nd1 Rb1+ 29. Kc2 Ra1 30. Ndb2 Rc8 31. Kb3 Rb1 32. Ka2 Rc1 33. Ne3 Ra8 34. Nbc4 Rc3 0-1

[Event "Early-Titled-Tuesday-Blitz-September-05-2023"]
[Site "Chess.com"]
[Date "2023.09.05"]
[Round "3"]
[White "Hope_6"]
[Black "Lady_Nika"]
[Result "1/2-1/2"]
[WhiteElo "2698"]
[BlackElo "2490"]
[TimeControl "180+1"]
[EndTime "8:27:41 PDT"]
[Termination "Game drawn by repetition"]

1. d4 d5 2. c4 e6 3. Bf4 Bd6 4. Bxd6 Qxd6 5. cxd5 exd5 6. e3 Nf6 7.
Bd3 O-O 8. Nc3 c6 9. h3 Re8 10. Nf3 Nbd7 11. O-O Ne4 12. Qc2 f5 13. Rab1 a6 14.
Rfc1 Qh6 15. a4 g5 16. Nd2 Ndf6 17. b4 g4 18. Bxe4 fxe4 19. h4 Qxh4 20. Ne2 Nh5 21. g3 Qh3 22. Qd1 Ng7 23. b5 axb5 24. axb5 Bd7 25.
bxc6 Bxc6 26. Nf4 Qh6 27. Qxg4 Ra2 28. Nb3 Kh8 29. Nc5 b5 30. Nce6 Nxe6 31. Rxc6 Rxf2 32.
Kxf2 Qh2+ 33. Ke1 Qh1+ 34. Kd2 Qxb1 35. Nxe6 Rg8 36. Rc8 Qd3+ 37. Kc1 Qxe3+ 38. Kb2 Qd2+ 39. Kb3 Qd3+ 40. Kb4 Qd2+ 41. Kb3 Qd3+ 42. Kb2 Qd2+ 43. Kb1 Qb4+ 44. Ka2 Qa4+ 45. Kb2 Qb4+ 46. Ka2 Qa4+ 47. Kb2 Qb4+ 48. Ka2 1/2-1/2

[Event "Early-Titled-Tuesday-Blitz-September-05-2023"]
[Site "Chess.com"]
[Date "2023.09.05"]
[Round "3"]
[White "Gogolev_Artemy"]
[Black "blitzo_vich"]
[Result "0-1"]
[WhiteElo "2435"]
[BlackElo "2614"]
[TimeControl "180+1"]
[EndTime "8:27:41 PDT"]
[Termination "blitzo_vich won on time"]

1. Nf3 d5 2. c4 c6 3. g3 Bg4 4. Bg2 Nd7 5. cxd5 cxd5 6. Nc3 e6 7.
O-O Ngf6 8. d3 Be7 9. Qb3 O-O 10. Be3 a6 11. Qxb7 Bxf3 12. Bxf3 Ne5 13. Bf4 Nxf3+ 14. exf3 Nd7 15. Qb3 Nc5 16. Qc2 g5 17. Bd2 Rc8 18.
d4 Nd7 19. Qd3 Bf6 20. f4 gxf4 21. Bxf4 Qb6 22. Rab1 Bxd4 23. Na4 Qa7 24. Rbd1 Bg7 25. Qf3 Rc4 26. b3 Rc6 27. Qg4 Nf6 28. Qh4 Ne4 29. Bh6 f5 30. Bxg7 Qxg7 31. Qf4 Rc2 32. f3 Qa7+ 33. Kh1 Nf2+ 34. Rxf2 Qxf2 35. Qg5+ Kh8 0-1

[Event "Early-Titled-Tuesday-Blitz-September-05-2023"]
[Site "Chess.com"]
[Date "2023.09.05"]
[Round "3"]
[White "GaalZsoka"]
[Black "expii"]
[Result "1-0"]
[WhiteElo "2464"]
[BlackElo "2233"]
[TimeControl "180+1"]
[EndTime "8:27:41 PDT"]
[Termination "GaalZsoka won by resignation"]

1. Nf3 d5 2. g3 c5 3. Bg2 Nf6 4.
O-O Nc6 5. b3 e5 6. Bb2 d4 7. e3 Bg4 8. exd4 e4 9. Qe1 cxd4 10.
Ng5 e3 11. fxe3 dxe3 12. Qxe3+ Be7 13. h3 Bh5 14. Ne4 Nxe4 15. Bxe4 O-O 16. d4 Bf6 17. c3 Bg6 18. Bxg6 hxg6 19. Nd2 Qd7 20. Kh2 Rae8 21.
Qf3 Kh7 22. Rae1 Rxe1 23. Rxe1 Rh8 24. Ne4 Kg8 25. h4 Bxh4 26. gxh4 Rxh4+ 27. Kg2 Rg4+ 28. Kf2 Rh4 29. Rh1 Rxh1 30. Qxh1 Qg4 31. Qf3 Qh4+ 32. Ke3 Qe1+ 33. Qe2 Qg1+ 34. Kd3 Qb1+ 35. Kc4 a6 36. Ba3 Qg1 37. b4 Qb1 38. Kc5 b5 39. Kxc6 1-0

[Event "Early-Titled-Tuesday-Blitz-September-05-2023"]
[Site "Chess.com"]
[Date "2023.09.05"]
[Round "3"]
[White "TomsKantans"]
[Black "ArmanGhevondyanchess"]
[Result "1-0"]
[WhiteElo "2637"]
[BlackElo "2447"]
[TimeControl "180+1"]
[EndTime "8:27:42 PDT"]
[Termination "TomsKantans won by resignation"]

1. e4 c5 2. Nf3 Nc6 3. Bb5 g6 4. c3 Bg7 5. d4 cxd4 6. cxd4 a6 7. Bxc6 bxc6 8. O-O Rb8 9. Nc3 Nh6 10. Re1 O-O 11. h3 d6 12. Be3 f6 13. b3 Nf7 14.
Rc1 Qa5 15. Qd2 Qh5 16. Ne2 g5 17. Ng3 Qg6 18. Rxc6 h5 19. Rc7 h4 20. Nf5 Bxf5 21.
exf5 Qxf5 22. Rxe7 Rfe8 23. Rxe8+ Rxe8 24. Rc1 g4 25.
hxg4 Qxg4 26. Nh2 Qg6 27. Qc2 f5 28. Qc6 Rf8 29. Qd5 Kh8 30. Rc7 Ng5 31. Bxg5 Qxg5 32.
Nf3 Qh6 33. Qb7 h3 34. Rc8 hxg2 35. Rxf8+ Bxf8 36. Kxg2 Qh5 37. Qd5 Bg7 38. Kf1 Qh1+ 39. Ke2 Qb1 40. a4 Qc2+ 41. Kf1 f4 42. Qh5+ Kg8 43. Qe8+ Bf8 44. Qe6+ Kh8 45. Kg2 Bg7 46. Ng5 Qc6+ 47. d5 Qc2 48. Qe8+ 1-0

[Event "Early-Titled-Tuesday-Blitz-September-05-2023"]
[Site "Chess.com"]
[Date "2023.09.05"]
[Round "3"]
[White "Russian_berezka"]
[Black "pirulillo"]
[Result "1-0"]
[WhiteElo "2557"]
[BlackElo "2299"]
[TimeControl "180+1"]
[EndTime "8:27:42 PDT"]
[Termination "Russian_berezka won by resignation"]

1. d4 Nf6 2. c4 g6 3. Nc3 Bg7 4. e4 d6 5. Be2 O-O 6. Nf3 e5 7. O-O Na6 8. Be3 Ng4 9. Bg5 f6 10. Bc1 Nh6 11. Rb1 c6 12. b4 Nc7 13. d5 cxd5 14. cxd5 Nf7 15. b5 f5 16. Nd2 Bh6 17.
Ba3 b6 18. Nc4 Ne8 19. g3 Ng5 20. h4 Nxe4 21. Nxe4 fxe4 22. Bg4 Bb7 23. Be6+ Kh8 24. Qe2 Rc8 25. Qxe4 Nf6 26. Qd3 e4 27. Qd4 Bg7 28.
Nxd6 Ne8 29. Qb4 Nxd6 30. Qxd6 Qxd6 31. Bxd6 e3 32. fxe3 Rfe8 33. Bxc8 Rxc8 34. e4 Re8 35. Rfe1 Bd4+ 36. Kg2 Kg7 37. Rbc1 Kh6 38. Bf4+ Kg7 39.
Rc7+ Kg8 40. Rxb7 1-0

[Event "Early-Titled-Tuesday-Blitz-September-05-2023"]
[Site "Chess.com"]
[Date "2023.09.05"]
[Round "3"]
[White "TERMINATOR_PC"]
[Black "kirillshevchenko"]
[Result "0-1"]
[WhiteElo "2513"]
[BlackElo "2966"]
[TimeControl "180+1"]
[EndTime "8:27:43 PDT"]
[Termination "kirillshevchenko won by resignation"]

1. e4 e5 2. Nf3 Nc6 3. Bc4 d6 4. h3 Nf6 5. d3 h6 6. a4 g5 7. Nc3 Bg7 8. Be3 Be6 9. Bb5 O-O 10.
Bxc6 bxc6 11. d4 Nd7 12. g4 Rb8 13. d5 Rxb2 14. dxe6 fxe6 15. Nd2 d5 16. Nb3 d4 17. Bc1 Rxb3 18. cxb3 dxc3 19. Be3 Qe7 20. Rc1 Nc5 21. Rxc3 Nxe4 22. Rc4 Rd8 23. Qc2 Nf6 24. Rxc6 Qb4+ 25. Qc3 Qe4 26. O-O Nd5 27. Qc4 Qf3 28. Rxe6 Kh8 29.
Qc6 e4 30. Re8+ Kh7 31. Rxd8 Nxe3 32. Rh8+ Kxh8 33. fxe3 Qg3+ 34. Kh1 Qxh3+ 35. Kg1 Qxg4+ 36. Kf2 Qf3+ 37. Ke1 Qxe3+ 38. Kd1 Qd3+ 39. Ke1 Bc3+ 40. Kf2 Qf3+ 41. Kg1 Bd4+ 42. Kh2 Be5+ 43. Kg1 Qg3+ 0-1

[Event "Early-Titled-Tuesday-Blitz-September-05-2023"]
[Site "Chess.com"]
[Date "2023.09.05"]
[Round "3"]
[White "TregubovP"]
[Black "Herman-NY"]
[Result "0-1"]
[WhiteElo "2629"]
[BlackElo "2483"]
[TimeControl "180+1"]
[EndTime "8:27:43 PDT"]
[Termination "Herman-NY won by resignation"]

1. e4 c5 2. Nf3 Nc6 3. Bb5 e6 4. O-O Nge7 5. Re1 a6 6. Bf1 b6 7.
c3 d5 8. exd5 Nxd5 9. d4 Bb7 10.
Bg5 Nf6 11. Nbd2 cxd4 12. Ne4 Be7 13. cxd4 Nxe4 14. Rxe4 Bxg5 15. d5 Na7 16. Nxg5 Qxg5 17. Rg4 Qxd5 18. Rxg7 Qxd1 19. Rxd1 Nc6 20. Be2 Ne7 21.
Rg3 Bd5 22. Ra3 b5 23. f3 O-O 24. Kf2 Rfc8 25. Bd3 Ng6 26. g3 b4 27. Ra5 Ne5 28.
b3 Nxd3+ 29. Rxd3 Rc2+ 30. Ke3 Rxh2 31. Rd4 Rc8 32. Rxb4 Rc3+ 33. Kd4 Rxf3 34. Ke5 Kg7 35. Rxa6 Rxg3 36. Kd6 h5 37. Ke7 Rc3 38. Ra7 Rhc2 39. Kd7 Kf6 40. Rf4+ Kg6 41. Kd6 Rc6+ 42. Ke5 Re2+ 43.
Kd4 f5 44. Rf1 Re4+ 45. Kd3 Kf6 46. Rg1 h4 47. Rgg7 Ke5 48. Rh7 Rc1 49. Ra4 Rxa4 50. bxa4 Bxa2 51. Rxh4 Bd5 52. Rh8 Ra1 0-1

[Event "Early-Titled-Tuesday-Blitz-September-05-2023"]
[Site "Chess.com"]
[Date "2023.09.05"]
[Round "3"]
[White "AlexKhripachenko"]
[Black "Parhamov"]
[Result "0-1"]
[WhiteElo "2710"]
[BlackElo "2926"]
[TimeControl "180+1"]
[EndTime "8:27:44 PDT"]
[Termination "Parhamov won on time"]

1. e4 c5 2. Nf3 d6 3. d4 cxd4 4.
Nxd4 Nf6 5. Nc3 Nc6 6. Bg5 e6 7. Qd3 Bd7 8. O-O-O a6 9. f4 Be7 10. Be2 h6 11. Bh4 Qa5 12. Nb3 Qc7 13. Bxf6 gxf6 14.
Kb1 h5 15. Rhe1 O-O-O 16. f5 Kb8 17. Qh3 h4 18. Bc4 Qc8 19. Na4 d5 20. Nb6 Qc7 21. Nxd7+ Rxd7 22. fxe6 fxe6 23. exd5 Ne5 24. Bf1 exd5 25.
Nd4 Rc8 26. Qb3 Rd6 27. Qe3 Rb6 28. Ka1 Bc5 29. c3 Nc6 30. Ne6 Bxe3 31. Nxc7 Rxc7 32. Rxe3 d4 33. Re8+ Ka7 34. c4 Rd7 35. b3 Ne5 0-1

[Event "Early-Titled-Tuesday-Blitz-September-05-2023"]
[Site "Chess.com"]
[Date "2023.09.05"]
[Round "3"]
[White "Emp3rador"]
[Black "wqws"]
[Result "0-1"]
[WhiteElo "2467"]
[BlackElo "2656"]
[TimeControl "180+1"]
[EndTime "8:27:44 PDT"]
[Termination "wqws won by checkmate"]

1. e4 c5 2. Nf3 d6 3. Bb5+ Nd7 4. d4 cxd4 5. Qxd4 a6 6. Bxd7+ Bxd7 7.
Nc3 e5 8. Qd3 Nf6 9. Bg5 Be6 10.
Nd2 Be7 11. Nc4 Rc8 12. Ne3 O-O 13. O-O b5 14. a3 Bc4 15. Nxc4 bxc4 16. Qd2 Rb8 17.
Rab1 h6 18. Bxf6 Bxf6 19. Nd5 Bg5 20. Qe2 Rc8 21. b4 g6 22. a4 f5 23. b5 f4 24.
Qg4 f3 25. g3 a5 26. h4 Bd2 27. Qxg6+ Kh8 28. c3 Qd7 29. Kh2 Rf7 30. Rbd1 Rg8 31.
Qh5 Bf4 32. Rg1 Rfg7 33. Qxf3 Qd8 34. b6 Qxh4+ 35. Kg2 Rxg3+ 36. fxg3 Rxg3+ 37. Qxg3 Qxg3+ 38. Kf1 Qf3+ 39. Ke1 Qxe4+ 40. Kf2 Bg5 41. b7 Bh4+ 42. Kf1 Qf3# 0-1

[Event "Early-Titled-Tuesday-Blitz-September-05-2023"]
[Site "Chess.com"]
[Date "2023.09.05"]
[Round "3"]
[White "Roman_Ovetchkin"]
[Black "cthulhuuu"]
[Result "1-0"]
[WhiteElo "2642"]
[BlackElo "2454"]
[TimeControl "180+1"]
[EndTime "8:27:44 PDT"]
[Termination "Roman_Ovetchkin won by checkmate"]

1. d4 Nf6 2. c4 e5 3. dxe5 Ng4 4. Nf3 Bc5 5. e3 Nc6 6. Be2 O-O 7. Nc3 Re8 8. O-O a5 9. Na4 Bf8 10. b3 Ncxe5 11.
Nxe5 Nxe5 12. c5 d5 13. cxd6 Bxd6 14. Bb2 Qh4 15. f4 Ng4 16. Bxg4 Bxg4 17. Qd4 Qh6 18.
h3 Bf5 19. Rf3 b6 20. Rg3 Bf8 21. Re1 Rad8 22. Qc3 c5 23. Rg5 Rd3 24. Qc4 Qe6 25. Qxe6 Bxe6 26. Nxb6 f6 27. Rg3 Rd2 28. Bxf6 Rxa2 29.
e4 Rb8 30. Nd5 Bxd5 31. exd5 Rd2 32. Be5 Rb4 33. d6 a4 34. bxa4 Rxa4 35. Rc1 Raa2 36. Rxc5 Bxd6 37. Rxg7+ Kf8 38. Rc8# 1-0

[Event "Early-Titled-Tuesday-Blitz-September-05-2023"]
[Site "Chess.com"]
[Date "2023.09.05"]
[Round "3"]
[White "bascheyaro"]
[Black "Vesper2018"]
[Result "1-0"]
[WhiteElo "2813"]
[BlackElo "2589"]
[TimeControl "180+1"]
[EndTime "8:27:45 PDT"]
[Termination "bascheyaro won on time"]

1. d4 Nf6 2. Nf3 g6 3. Bf4 Bg7 4. e3 O-O 5. h3 d6 6. Bc4 Nc6 7. O-O Nd7 8. Nc3 h6 9. Re1 e5 10. dxe5 Ndxe5 11. Nxe5 Nxe5 12. Bb3 c6 13. e4 Be6 14. Qd2 g5 15. Bg3 Qe7 16. f4 gxf4 17.
Bxf4 Qh4 18. Qf2 Qxf2+ 19. Kxf2 Bxb3 20. axb3 f5 21. Kg3 Rad8 22. Rxa7 Ng6 23. exf5 Rxf5 24. Be3 Be5+ 25. Kg4 Rdf8 26. Bxh6 R8f7 27. Rxb7 Rf2 28.
Rxf7 Kxf7 29. Re2 Rf1 30. Ne4 d5 31. Nd2 Rd1 32. c3 Bf6 33. Nf3 c5 34. Rd2 Rb1 35. Rxd5 Rxb2 36. Rxc5 Rxb3 37. Bd2 Rb2 38. Rc7+ Ke6 39.
Rc6+ Kf7 40. Bg5 Rxg2+ 41. Kh5 Rxg5+ 42. Nxg5+ Kg7 43. Ne4 1-0

[Event "Early-Titled-Tuesday-Blitz-September-05-2023"]
[Site "Chess.com"]
[Date "2023.09.05"]
[Round "3"]
[White "Aygehovit1992"]
[Black "HajiyevKanan"]
[Result "1-0"]
[WhiteElo "2705"]
[BlackElo "2470"]
[TimeControl "180+1"]
[EndTime "8:27:45 PDT"]
[Termination "Aygehovit1992 won by checkmate"]

1. e4 c6 2. Nc3 d5 3. Nf3 a6 4.
d4 Bg4 5. h3 Bh5 6. exd5 cxd5 7. g4 Bg6 8. Ne5 Nc6 9. Bg2 Nxe5 10. dxe5 e6 11. Be3 Bb4 12. a3 Ba5 13. f4 Rc8 14.
O-O Ne7 15. f5 exf5 16. Nxd5 fxg4 17. Qxg4 Rxc2 18. Rad1 Nxd5 19. Bxd5 Qe7 20. Qa4+ b5 21. Qxa5 O-O 22. Qe1 Qxe5 23. Bf4 Qxb2 24. Be5 Qxa3 25.
Qg3 Qc5+ 26. Kh1 a5 27. Bd6 Qc8 28. Bxf8 Qxf8 29. Bg2 a4 30. Rf2 Rc8 31. Rfd2 a3 32. Qd3 b4 33. Qe3 Rb8 34. Rd6 b3 35. Qd2 b2 36.
Rd8 b1=Q 37. Rxf8+ Kxf8 38. Rxb1 Rxb1+ 39. Kh2 Rb8 40. Qd6+ Ke8 41. Qxb8+ Ke7 42. Qa7+ Ke6 43. Qxa3 Kf5 44. Kg3 Kf6 45. Qe3 h6 46. Kf4 Bf5 47. Qe5+ Kg6 48. Qxf5# 1-0